 Dungeon Crawl Stone Soup version 0.18-a0-1392-g59a4c01 (webtiles) character file.

60230 Reinor the Unseen (level 14, -13/73 HPs)
             Began as a Spriggan Abyssal Knight on Feb 23, 2016.
             Was the Champion of Lugonu.
             Killed from afar by a naga mage (25 damage)
             ... with an orb of energy
             ... on level 1 of the Snake Pit.
             The game lasted 01:11:48 (20069 turns).

Reinor the Unseen (Spriggan Abyssal Knight)        Turns: 20069, Time: 01:11:48

Health: -13/73     AC: 10    Str: 12    XL:     14   Next: 56%
Magic:  27/27      EV: 22    Int: 18    God:    Lugonu [******]
Gold:   1260       SH:  0    Dex: 15    Spells: 8 memorised, 4 levels left

rFire  . . .     SeeInvis +     a - +5 pair of quick blades "Gyre" and "Gimble" {pierce, Dex-3}
rCold  . . .     Gourm    .     d - +2 robe "Otig" {+Blink rPois}
rNeg   + . .     Faith    .     (shield currently unavailable)
rPois  +         Spirit   .     (helmet restricted)
rElec  .         Dismiss  .     M - +2 cloak {rPois}
rCorr  .         Reflect  .     (gloves unavailable)
SustAt .         Harm     .     (boots unavailable)
MR     ++...                    e - amulet of regeneration
Stlth  +++++++++.               Y - +4 ring of strength
                                C - ring of positive energy

@: lethally poisoned (-13 -> -13), very quick, very resistant to hostile
enchantments, incredibly stealthy
A: unfitting armour, horns 1, iridescent scales 1, thin skeletal structure 1,
see invisible, deformed body, herbivore 3, speed 3, slow metabolism 2
a: Depart the Abyss, Bend Space, Banish, Corrupt, Enter the Abyss, Brand Weapon
With Distortion, Renounce Religion, Evoke Blink


You were on level 1 of the Snake Pit.
You worshipped Lugonu.
Lugonu was exalted by your worship.
You were near starving.

You visited 3 branches of the dungeon, and saw 20 of its levels.
You visited the Abyss 1 time.
You also visited: Ice Cave.

You collected 1475 gold pieces.
You spent 215 gold pieces at shops.

Inventory:

Hand Weapons
 a - the +5 pair of quick blades "Gyre" and "Gimble" (weapon) {pierce, Dex-3}
   (You acquired it on level 8 of the Dungeon)

   It inflicts extra damage upon your enemies.
   It affects your dexterity (-3).
 v - the +7 dagger "Killer Klown's Foe" {venom, *Confuse Str+4 Int+2}
   (You found it on level 7 of the Dungeon)

   It poisons the flesh of those it strikes.
   It affects your strength (+4).
   It affects your intelligence (+2).
   It may confuse you when you take damage.
Missiles
 j - a throwing net (quivered)
Armour
 d - the +2 robe "Otig" (worn) {+Blink rPois}
   (You found it on level 5 of the Dungeon)

   It protects you from poison.
   It lets you blink.
 r - a +2 robe of cold resistance
 M - a +2 cloak of poison resistance (worn)
Jewellery
 e - an amulet of regeneration (around neck)
 C - a ring of positive energy (left hand)
 K - an uncursed amulet of magic regeneration
 U - an uncursed ring of protection from magic
 Y - a +4 ring of strength (right hand)
Wands
 b - a wand of disintegration (21/24)
 h - a wand of acid (8/15)
 m - a wand of lightning (4/15)
 n - a wand of acid (8/15)
 A - a wand of lightning (6/15)
 F - a wand of disintegration (12/24)
 G - a wand of lightning (11/15)
 H - a wand of teleportation (3/9)
 I - a wand of disintegration (13/24)
 L - a wand of lightning (9/15)
 V - a wand of acid (5/15)
Scrolls
 l - a scroll of blinking
 p - 11 scrolls of enchant armour
 q - 4 scrolls of teleportation
 t - 3 scrolls of amnesia
 x - 2 scrolls of fear
 y - 8 scrolls of remove curse
 B - 2 scrolls of immolation
 E - a scroll of fog
 J - a scroll of magic mapping
Potions
 g - 2 potions of lignification
 k - 8 potions of curing
 o - 2 potions of ambrosia
 s - 2 potions of agility
 u - a potion of invisibility
 w - 5 potions of brilliance
 z - 3 potions of cancellation
 N - a potion of haste
 O - 4 potions of might
 P - 2 potions of resistance
 Q - 4 potions of heal wounds
 R - a potion of flight
Books
 W - a book of Enchantments

   Spells                             Type                      Level
   a - Cause Fear                     Hexes                        4
   b - Yara's Violent Unravelling     Hexes/Transmutation          5
   c - Silence                        Hexes/Air                    5
   d - Deflect Missiles               Charms/Air                   6
   e - Haste                          Charms                       6
   f - Discord                        Hexes                        8
 X - a book of the Sky

   Spells                             Type                      Level
   a - Summon Lightning Spire         Summoning/Air                4
   b - Airstrike                      Air                          4
   c - Silence                        Hexes/Air                    5
   d - Deflect Missiles               Charms/Air                   6
   e - Conjure Ball Lightning         Conjuration/Air              6
   f - Tornado                        Air                          9
Comestibles
 c - 10 bread rations
 D - 5 royal jellies
 S - 23 fruits


   Skills:
 - Level 8.0 Fighting
 - Level 10.0 Short Blades
 + Level 12.8 Dodging
 + Level 18.5 Stealth
 - Level 8.3 Spellcasting
 - Level 3.0 Conjurations
 - Level 12.0 Hexes
 - Level 3.0 Ice Magic
 - Level 8.0 Invocations
 - Level 8.1 Evocations


You had 4 spell levels left.
You knew the following spells:

 Your Spells              Type           Power        Failure   Level  Hunger
a - Ensorcelled Hibernat  Hex/Ice        ####..       1%          2    None
b - Confuse               Hex            ######..     1%          3    None
c - Dazzling Spray        Conj/Hex       ####....     1%          3    None
d - Corona                Hex            ######.      1%          1    None
e - Silence               Hex/Air        ####......   24%         5    #####..
f - Airstrike             Air            #.........   87%         4    ###....
g - Haste                 Chrm           #.......     100%        6    ######.
h - Beastly Appendage     Trmt           #.....       12%         1    None


Dungeon Overview and Level Annotations

Branches:
Dungeon (11/15)            Temple (0/1) D:4            Lair (8/8) D:10
 Shoals (0/4) Lair:5        Snake (1/4) Lair:4        Slime (0/6) Lair:8
    Orc (0/2) D:11

Altars:
Ashenzari
Cheibriados
Fedhas
Gozag
Okawaru
Qazlal
Ru
Sif Muna
Trog
Xom
Zin

Shops:
D:4 [   D:5 *

Portals:
Trove: D:10 (give 6 scrolls of blinking)


Innate Abilities, Weirdness & Mutations

You are tiny and cannot use many weapons and most armour.
You have supernaturally acute eyesight.
You are an herbivore.
You cover ground extremely quickly.
You need consume almost no food.
You have a pair of small horns on your head.
You are partially covered in iridescent scales (AC +4).
You have a somewhat thin skeletal structure (Dex +2, Stealth).
Armour fits poorly on your strangely shaped body.


Message History

The naga spits poison at you. The splash of poison misses you.
A black mamba and a naga come into view.
You escape the naga mage's grasp.
The naga sharpshooter shoots a bolt.
The bolt closely misses you.
An anaconda comes into view.
The naga mage gestures at you while chanting.
The poison arrow hits you!
You are poisoned.
You partially resist.
* * * LOW HITPOINT WARNING * * *
There is a staircase back to the Lair here.
Unknown command.
Drink which item? (? for menu, Esc to quit)
Okay, then.
You feel sick.
The naga shouts!
The naga mage points at you and mumbles some strange words.
The orb of energy hits you!
You die...

##### #####
#...#
.....##...#
.$.....@(.##
...........#
.......(...#
.......#N..#
.S.N.## ##.#
.N..# .#
#NS. . #..
#. N# ..


You could see a naga sharpshooter, an anaconda (wandering), a black mamba
(wandering), a naga mage and 2 nagas.

Vanquished Creatures
  A frost giant (IceCv)
  Maud (Lair:6)
  Josephine (Lair:6)
  3 hydras
  2 catoblepae
  5 death yaks (Lair:8)
  A deep troll shaman (Lair:8)
  2 hill giants
  A lindwurm (Lair:8)
  Pikel (D:5)
  An oklob plant (Lair:4)
  An ugly thing (D:11)
  A cyclops (D:11)
  3 sirens (Lair:5)
  20 elephants
  2 black mambas (Lair:4)
  4 torpor snails (Lair:6)
  5 spiny frogs
  An ice statue (IceCv)
  8 komodo dragons
  A kobold demonologist (D:11)
  4 fire drakes
  A troll (D:11)
  A merfolk (Lair:5)
  A queen bee (D:10)
  22 polar bears
  A slime creature (Lair:8)
  28 blink frogs
  Grinder (D:3)
  A wyvern (Lair:8)
  Sigmund (D:6)
  4 wraiths
  2 basilisks
  33 yaks
  A hungry ghost (D:7)
  A steam dragon (D:8)
  5 nagas (Lair:4)
  5 hippogriffs
  18 wolves
  7 porcupines
  20 water moccasins
  Duvessa (D:5)
  6 orc warriors
  A sky beast (D:5)
  12 ice beasts
  9 black bears
  2 slaves (D:5)
  4 phantoms
  6 ogres
  3 centaurs
  19 crocodiles
  2 big kobolds (D:11)
  16 giant frogs
  2 scorpions
  23 killer bees
  2 electric eels
  A crimson imp (D:5)
  2 centaur zombies
  A giant frog zombie (D:8)
  6 hounds
  A quasit (D:7)
  4 centaur skeletons
  2 orc priests
  A giant frog skeleton (D:4)
  5 jellies
  7 orc wizards
  5 iguanas
  6 worker ants
  A killer bee zombie (D:5)
  A hound zombie (D:6)
  3 hound skeletons
  A gnoll (D:1)
  7 adders
  53 river rats
  5 shadow imps
  3 worms
  4 dart slugs
  5 giant geckos
  37 orcs
  24 bats
  A giant cockroach (D:3)
  11 goblins
  4 hobgoblins
  9 jackals
  8 quokkas
  A ball python (D:3)
  A giant cockroach zombie (D:6)
  A giant gecko skeleton (D:3)
  7 giant newts
  2 jackal skeletons (D:7)
  15 kobolds
  A quokka skeleton (D:5)
  9 rats
  2 butterflies (D:4)
  2 fungi
  5 plants
594 creatures vanquished.

Vanquished Creatures (others)
  Dowan (D:5)
  18 fungi
  8 plants
  2 starspawn tentacles (Abyss:1)
  29 starspawn tentacle segments (Abyss:1)
58 creatures vanquished.

Grand Total: 652 creatures vanquished

Notes
Turn   | Place    | Note
--------------------------------------------------------------
     0 | Abyss:1  | Reinor the Spriggan Abyssal Knight began the quest for the Orb.
     0 | Abyss:1  | Reached XP level 1. HP: 11/11 MP: 3/3
    54 | Abyss:1  | Noticed a worldbinder
    62 | Abyss:1  | Noticed an orc priest
    62 | Abyss:1  | Noticed an orc warrior
    67 | Abyss:1  | Noticed a raiju
    72 | Abyss:1  | Noticed a raiju
    77 | Abyss:1  | Found a shadowy altar of Dithmenos.
    89 | Abyss:1  | Noticed an orc warrior
    89 | Abyss:1  | Noticed an orc priest
    94 | Abyss:1  | Noticed a tentacled starspawn
   112 | Abyss:1  | Noticed an iron imp
   119 | Abyss:1  | Noticed an ancient zyme
   128 | Abyss:1  | Noticed a ynoxinul
   132 | Abyss:1  | Noticed a raiju
   134 | Abyss:1  | Noticed a thrashing horror
   157 | Abyss:1  | Noticed a smoke demon
   165 | Abyss:1  | Noticed an anaconda skeleton
   166 | D:1      | Escaped the Abyss
   332 | D:1      | Reached skill level 1 in Stealth
   428 | D:1      | Reached * piety under Lugonu
   428 | D:1      | Reached skill level 2 in Stealth
   432 | D:1      | Reached XP level 2. HP: 11/16 MP: 4/4
  1373 | D:1      | Reached skill level 3 in Stealth
  1373 | D:1      | Reached XP level 3. HP: 14/19 MP: 5/5
  2073 | D:2      | Found a faded altar to an unknown god.
  2078 | D:2      | Reached ** piety under Lugonu
  2078 | D:2      | Reached XP level 4. HP: 21/23 MP: 6/6
  2139 | D:2      | Reached skill level 4 in Stealth
  2252 | D:3      | Noticed Grinder
  2822 | D:3      | Found a snail-covered altar of Cheibriados.
  2833 | D:3      | Reached XP level 5. HP: 27/27 MP: 7/7
  2888 | D:3      | Reached skill level 5 in Stealth
  3012 | D:4      | Reached *** piety under Lugonu
  3029 | D:4      | Reached skill level 5 in Short Blades
  3083 | D:4      | Reached skill level 6 in Stealth
  3437 | D:4      | Reached XP level 6. HP: 21/32 MP: 8/8
  3785 | D:4      | Found a staircase to the Ecumenical Temple.
  3887 | D:4      | Found Lowerche's Antique Armour Shoppe.
  3890 | D:4      | Bought a buckler for 99 gold pieces
  4149 | D:3      | Paralysed by Grinder for 5 turns
  4163 | D:3      | Killed Grinder
  4163 | D:3      | Reached skill level 7 in Stealth
  4211 | D:5      | Entered Level 5 of the Dungeon
  4319 | D:5      | Reached XP level 7. HP: 35/35 MP: 10/10
  4339 | D:5      | Reached skill level 8 in Stealth
  4432 | D:5      | Found a sacrificial altar of Ru.
  4435 | D:5      | Found Qemir's General Store.
  4439 | D:5      | Reached skill level 1 in Evocations
  4443 | D:5      | Bought a potion of mutation for 32 gold pieces
  4443 | D:5      | Bought a scroll of amnesia for 45 gold pieces
  4443 | D:5      | Bought a potion of curing for 39 gold pieces
  4443 | D:5      | Gained mutation: Armour fits poorly on your strangely shaped body. [potion of mutation]
  4443 | D:5      | Gained mutation: You are partially covered in iridescent scales (AC +4). [potion of mutation]
  4443 | D:5      | Gained mutation: You have a somewhat thin skeletal structure (Dex +2, Stealth). [potion of mutation]
  4494 | D:5      | Noticed Pikel
  4514 | D:5      | Noticed Duvessa
  4516 | D:5      | Found an opulent altar of Gozag.
  4647 | D:5      | Reached skill level 5 in Invocations
  4689 | D:5      | Found an iron altar of Okawaru.
  4825 | D:5      | Reached XP level 8. HP: 39/39 MP: 12/12
  4902 | D:5      | Killed Pikel
  5137 | D:5      | Killed Dowan
  5299 | D:5      | Found a glowing silver altar of Zin.
  5478 | D:5      | Killed Duvessa
  5488 | D:5      | Got a tattered robe
  5512 | D:5      | Identified the +2 robe "Otig" {+Blink rPois} (You found it on level 5 of the Dungeon)
  5698 | D:6      | Reached **** piety under Lugonu
  5808 | D:6      | Noticed Sigmund
  5830 | D:6      | Killed Sigmund
  5830 | D:6      | Reached XP level 9. HP: 45/45 MP: 16/16
  5833 | D:6      | Found a deep blue altar of Sif Muna.
  5873 | D:6      | Identified Sif Muna's Papyrus of Confrontation (You found it on level 6 of the Dungeon)
  5891 | D:6      | Reached skill level 5 in Dodging
  6191 | D:7      | Got a pitted dagger
  6196 | D:7      | Identified the +7 dagger "Killer Klown's Foe" {venom, *Confuse Str+4 Int+2} (You found it on level 7 of the Dungeon)
  6808 | D:8      | Noticed a hill giant
  6842 | D:8      | Killed a hill giant
  6957 | D:8      | Found a shattered altar of Ashenzari.
  7213 | D:8      | Reached skill level 9 in Stealth
  7308 | D:8      | Reached ***** piety under Lugonu
  7308 | D:8      | Reached XP level 10. HP: 49/49 MP: 17/17
  7312 | D:8      | Found a bloodstained altar of Trog.
  7386 | D:8      | Identified a scroll of acquirement
  7840 | D:9      | Reached skill level 10 in Stealth
  8043 | D:9      | Got a thick robe
  8054 | D:9      | Identified the +2 robe "Selokil" {+Blink MR- Str+3} (You found it on level 9 of the Dungeon)
  8338 | D:10     | Entered Level 10 of the Dungeon
  8371 | D:10     | Found a portal to a secret trove of treasure.
  8386 | D:10     | Noticed a hill giant
  8446 | D:10     | Killed a hill giant
  8446 | D:10     | Reached skill level 11 in Stealth
  8546 | D:10     | Reached skill level 12 in Stealth
  8698 | D:10     | Reached skill level 5 in Fighting
  8782 | D:10     | Reached skill level 10 in Dodging
  8879 | D:10     | Reached XP level 11. HP: 56/56 MP: 18/18
  8910 | D:10     | Found a staircase to the Lair.
  9166 | D:10     | Reached ****** piety under Lugonu
  9912 | D:11     | Found a staircase to the Orcish Mines.
 10172 | D:11     | Noticed a white ugly thing
 10186 | D:11     | Killed a white ugly thing
 10812 | Lair:1   | Entered Level 1 of the Lair of Beasts
 11542 | Lair:1   | Learned a level 2 spell: Ensorcelled Hibernation
 11546 | Lair:1   | Learned a level 3 spell: Confuse
 11550 | Lair:1   | Learned a level 3 spell: Dazzling Spray
 11552 | Lair:1   | Learned a level 1 spell: Corona
 11694 | Lair:2   | Reached skill level 13 in Stealth
 11736 | Lair:2   | Found a frozen archway.
 11998 | IceCv    | Entered an ice cave
 12022 | IceCv    | Reached skill level 14 in Stealth
 12072 | IceCv    | Reached skill level 10 in Short Blades
 12179 | IceCv    | Reached XP level 12. HP: 44/61 MP: 19/19
 12375 | IceCv    | Reached skill level 15 in Stealth
 12636 | IceCv    | Reached skill level 16 in Stealth
 12656 | IceCv    | Reached skill level 1 in Spellcasting
 12684 | IceCv    | Reached skill level 1 in Ice Magic
 12689 | IceCv    | Reached skill level 1 in Conjurations
 12755 | IceCv    | Noticed a frost giant
 12792 | IceCv    | Gained mutation: You have a pair of small horns on your head. [potion of beneficial mutation]
 12824 | IceCv    | Killed a frost giant
 13580 | Lair:3   | Reached skill level 5 in Spellcasting
 14291 | Lair:4   | Found a shimmering altar of Xom.
 14549 | Lair:4   | Reached skill level 1 in Hexes
 14555 | Lair:4   | Reached XP level 13. HP: 65/65 MP: 26/26
 14603 | Lair:4   | Found a staircase to the Snake Pit.
 14830 | Lair:4   | Found a blossoming altar of Fedhas.
 15538 | Lair:5   | Reached skill level 5 in Hexes
 15775 | Lair:5   | Found a staircase to the Shoals.
 16588 | Lair:6   | Noticed Josephine
 16622 | Lair:6   | Killed Josephine
 16756 | Lair:6   | Found a snail-covered altar of Cheibriados.
 16789 | Lair:6   | Reached skill level 10 in Hexes
 17244 | Lair:6   | Noticed Maud
 17270 | Lair:6   | Killed Maud
 18379 | Lair:8   | Entered Level 8 of the Lair of Beasts
 18431 | Lair:8   | Reached XP level 14. HP: 65/70 MP: 27/27
 18517 | Lair:8   | Learned a level 5 spell: Silence
 18522 | Lair:8   | Learned a level 4 spell: Airstrike
 18529 | Lair:8   | Learned a level 6 spell: Haste
 18538 | Lair:8   | Found a stormy altar of Qazlal.
 18573 | Lair:8   | Found a staircase to the Slime Pits.
 18731 | Lair:8   | Reached skill level 17 in Stealth
 19475 | Lair:8   | Reached skill level 18 in Stealth
 19734 | Lair:8   | Learned a level 1 spell: Beastly Appendage
 20061 | Snake:1  | Entered Level 1 of the Snake Pit
 20069 | Snake:1  | Killed from afar by a naga mage

Vault maps used:
D:1:      eino_arrival_cavern_a, minmay_fountain_box
D:2:      ecumenical_altar_1, hex_large
D:3:      cheibriados_altar_1, first_bread, uniq_grinder
D:4:      lemuel_upstairs_altar, minmay_temple_entry_butterflies, serial_shops,
          nicolae_shop_behind_doors, minivault_14
D:5:      nicolae_ru_awakened_eye, kennysheep_little_box, lemuel_doored_altar,
          nicolae_gozag_seed_capital, serial_shops, shop, uniq_duvessa,
          uniq_pikel
D:6:      led_sif_book, uniq_sigmund
D:8:      marbit_many_paths, evilmike_ruin_ashenzari
D:10:     grunt_lair_entry_orc_guard_hut, nicolae_trove_entry_crossroad,
          david_nohive_1
D:11:     orc_0_dummy
Lair:1:   minivault_26, grunt_megastairs_2
Lair:2:   portal_ice_cave_entry_ice_beasts, pond
Lair:3:   beast_lair_carwin_large_3, infiniplex_staircase_pool
Lair:4:   minmay_snake_entry_guardpost_medium, basic_altar, tgw_fedhas
Lair:5:   elwin_shoals_entry_stream, serial_bayou_shore_b
Lair:6:   st_stairs_4, kennysheep_snail_temple, uniq_maud, uniq_josephine
Lair:7:   gammafunk_lair_bear_cave, minivault_25, serial_bayou_crossing,
          lemuel_fruit_tree
Lair:8:   grunt_lair_end_beastmaster, minmay_slime_entry_pillars, basic_altar,
          serial_bayou_lagoon_a, grunt_megastairs_5
Snake:1:  hangedman_cross_veins, basic_altar
IceCv:    ice_cave_small_giant

Skill      XL: |  1  2  3  4  5  6  7  8  9 10 11 12 13 14 |
---------------+-------------------------------------------+-----
Stealth        | 2 3 4 6 7 8 9 12 14 16 18 | 18.5
Short Blades   | 3 4 5 8 10 | 10.0
Invocations    | 2 3 5 6 8 |  8.0
Evocations     | 4 8 |  8.1
Fighting       | 4 5 6 8 |  8.0
Dodging        | 4 8 10 12 | 12.8
Spellcasting   | 8 |  8.3
Ice Magic      | 3 |  3.0
Conjurations   | 3 |  3.0
Hexes          | 1 12 | 12.0

Action                   |  1- 3 |  4- 6 |  7- 9 | 10-12 | 13-15 || total
-------------------------+-------+-------+-------+-------+-------++-------
Melee: Dagger            |   149 |   197 |   287 |     6 |       ||   639
       Short sword       |    10 |    19 |       |       |       ||    29
       Pair of quick bla |       |       |       |   944 |   900 ||  1844
 Cast: Confuse           |       |       |       |       |    17 ||    17
       Ensorcelled Hiber |       |       |       |       |     9 ||     9
       Dazzling Spray    |       |       |       |       |     1 ||     1
Invok: Depart the Abyss  |     1 |       |       |       |       ||     1
 Abil: Evoke Blink       |       |       |     3 |       |       ||     3
Evoke: Wand              |       |       |       |     2 |     2 ||     4
  Use: Scroll            |     2 |     8 |     4 |    12 |     8 ||    34
       Potion            |       |     2 |     1 |     9 |     2 ||    14
 Stab: Sleeping          |     5 |    11 |    28 |    61 |    52 ||   157
       Distracted        |       |       |     2 |     6 |     4 ||    12
       Invisible         |       |       |       |     3 |     2 ||     5
       Confused          |       |       |       |       |     8 ||     8
       Petrifying        |       |       |       |       |     3 ||     3
       Petrified         |       |       |       |       |     3 ||     3
  Eat: Fruit             |       |       |     1 |       |     2 ||     3
       Pizza             |       |       |     2 |     4 |     1 ||     7
       Royal jelly       |       |       |       |     1 |     1 ||     2
